 Dungeon Crawl Stone Soup version 0.26.1-2-gb8aa6d0 (webtiles) character file.

Game seed: 3187195370245887029

81 Nithhogg the Skirmisher (level 4, -12/37 HPs)
             Began as a Barachi Fighter on Mar 31, 2021.
             Killed by nerve-wracking pain
             ... invoked by Grinder
              (14 damage)
             ... on level 3 of the Dungeon.
             The game lasted 00:04:26 (2413 turns).

Nithhogg the Skirmisher (Barachi Fighter)           Turns: 2413, Time: 00:04:26

Health: -12/37     AC:  7    Str: 18    XL:     4   Next: 40%
Magic:  4/4        EV: 10    Int:  8    God:
Gold:   99         SH:  0    Dex: 12    Spells: 3/3 levels left

rFire    . . .     SeeInvis .   a - +1 war axe
rCold    . . .     Faith    +   (no shield)
rNeg     . . .     Spirit   .   b - +0 scale mail
rPois    +         Reflect  .   (no helmet)
rElec    .         Harm     .   (no cloak)
rCorr    +         Rampage  .   (no gloves)
Will     .....                  (no boots)
Stlth    ..........             k - amulet of faith
HPRegen  0.12/turn              g - ring of resist corrosion
MPRegen  0.09/turn              q - ring of poison resistance

@: brilliant, can't hop, slow
A: +LOS, swims, slowness 1, strong legs 1
a: Hop


You were on level 3 of the Dungeon.
You visited 1 branch of the dungeon, and saw 3 of its levels.

You collected 99 gold pieces.

Inventory:

Hand Weapons
 a - a +1 war axe (weapon)
 m - a +0 morningstar
Armour
 b - a +0 scale mail (worn)
 c - a +0 kite shield
Jewellery
 g - a ring of resist corrosion (left hand)
 k - an amulet of faith (around neck)
 n - an uncursed ring of protection from cold
 q - a ring of poison resistance (right hand)
Scrolls
 h - a scroll of enchant armour
Potions
 d - 2 potions of might
 i - a potion of ambrosia {unknown}
 l - a potion of berserk rage {unknown}
 o - 4 potions of curing {unknown}
 r - a potion of magic {unknown}


   Skills:
 + Level 4.2 Fighting
 * Level 3.5 Axes
 + Level 4.2 Armour
 + Level 1.6 Dodging
 - Level 3.2 Shields


You had 3 spell levels left.
You didn't know any spells.
Your spell library was empty.

Dungeon Overview and Level Annotations

Branches:
Dungeon (3/15)

Altars:
Xom

Annotations:
D:3 Grinder


Innate Abilities, Weirdness & Mutations

You can be seen from farther away. (+LOS)
You can swim through water.
You cover ground slowly.
You can hop short distances.


Message History

You are too injured to fight recklessly!
You are too injured to fight recklessly!
You are too injured to fight recklessly!
You are too injured to fight recklessly!
Okay, then.
You hit Grinder.
Grinder is heavily wounded.
Grinder gestures at you. Pain shoots through your body!
* * * LOW HITPOINT WARNING * * *
Hop to where?
Press: ? - help, Dir - move target Boing!
Grinder barely misses you.
There is a stone staircase leading up, spattered with blood here.
It was a potion of brilliance.
You feel clever all of a sudden. Grinder gestures at you.
Pain shoots through your body!
You die...

## #.# #. ...
#. #.# #. ...
#. #.# ##.##.#
#.###...#)#
#.......5.#
#####...#@#####
##.##...$.# #.
#.###.# #. #..
.. ....
###.###. #. ..
#. .# .. #


You could see Grinder.

Vanquished Creatures
  An orc wizard (D:2)
  An adder (D:2)
  A worm (D:2)
  A dart slug (D:2)
  3 leopard geckos
  3 orcs (D:2)
  A ball python (D:1)
  2 giant cockroaches (D:1)
  3 hobgoblins (D:1)
  4 kobolds
  2 bats (D:1)
  3 frilled lizards
  8 goblins
  4 rats
37 creatures vanquished.

Vanquished Creatures (others)
  A hobgoblin (D:3)
1 creature vanquished.

Grand Total: 38 creatures vanquished

Notes
Turn   | Place    | Note
-------+----------+-------------------------------------------
     0 | D:1      | Nithhogg the Barachi Fighter began the quest for the Orb.
     0 | D:1      | Reached XP level 1. HP: 18/18 MP: 1/1
   238 | D:1      | Reached XP level 2. HP: 25/25 MP: 2/2
   526 | D:1      | Reached skill level 1 in Dodging
   608 | D:1      | Reached XP level 3. HP: 30/30 MP: 3/3
  1416 | D:2      | Reached XP level 4. HP: 32/37 MP: 4/4
  2015 | D:2      | Found a shimmering altar of Xom.
  2243 | D:3      | Noticed Grinder
  2410 | D:3      | HP: 1/37 [Grinder/nerve-wracking pain (14)]
  2413 | D:3      | Killed from afar by Grinder

Illustrated notes

Levels and vault maps discovered:
D:1:      grunt_arrival_lava_bath, layout_basic, hangedman_decor_peaks_small,
          minmay_tetromino_i4
D:2:      layout_loops_cross, xom_teletrap_fun, hangedman_decor_clover_reticule,
          kennysheep_generic_room_9
D:3:      layout_loops_ring, nicolae_overflow_crystal_walls,
          fiery_altar_vehumet, chequers_ecumenical_altar_lobes, uniq_grinder

Skill      XL: |  1  2  3 |
---------------+----------+-----
Dodging        | 1 |  1.6
Fighting       | 4 |  4.2
Axes           | 3 |  3.5
Armour         | 4 |  4.2
Shields        | |  3.2

Action                   |  1- 3 |  4- 6 || total
-------------------------+-------+-------++-------
Melee: War axe           |    65 |    40 ||   105
 Abil: Hop               |       |     1 ||     1
  Use: Scroll            |     2 |     2 ||     4
       Potion            |       |     1 ||     1
Armor: Scale mail        |    24 |     6 ||    30
       Leather armour    |     1 |     4 ||     5
Dodge: Dodged            |    40 |    21 ||    61
